Map: Ascension to Aiur LE

Players

MaSa

  • Race: Terran Terran
  • Spawn Location: 11:00

Elazer - Winner!

  • Race: Zerg Zerg
  • Spawn Location: 5:00

Event: WCS Montreal 2017

VOD

Have the link to the VOD?

Description

Time

  • Played on: Sept. 9, 2017, 1:18 p.m.
  • Length: 10:06

All games in this series

Show
View Real Time Build Order
Export as new Build Order

MaSa Terran 

Build Orders: Liberator Opening, Reaper Expand 

Get SALT Encoding   

  12  0:00  SCV  
  13  0:12  SCV  
  14  0:17  Supply Depot  
  14  0:25  SCV  
  15  0:38  SCV  
  15  0:39  Barracks  
  16  0:46  Refinery  
  16  0:50  SCV  
  17  1:02  SCV  
  18  1:14  SCV  
  19  1:26  Orbital Command  
  19  1:28  Reaper  
  20  1:39  Command Center  
  20  1:47  Supply Depot  
  20  1:52  SCV  
  21  1:55  Refinery  
  21  1:59  Marine  
  22  2:04  SCV  
  23  2:12  Factory  
  23  2:16  SCV  
  23  2:21  Barracks Reactor  
  24  2:28  SCV  
  25  2:40  SCV  
  26  2:52  Orbital Command  
  26  2:53  SCV  
  27  3:00  Starport  
  27  3:04  Barracks Tech Lab  
  27  3:05  Starport, SCV, Hellion  
  30  3:09  Hellion  
  32  3:17  SCV  
  33  3:23  SCV  
  36  3:27  Liberator, Hellion  
  36  3:29  SCV  
  36  3:30  Hellion  
  39  3:35  SCV  
  39  3:36  Supply Depot  
  41  3:41  SCV  
  41  3:47  Starport Tech Lab, SCV  
  45  3:53  SCV  
  46  3:58  Hellion x2  
  46  3:59  SCV  
  46  4:01  Supply Depot  
  51  4:05  SCV  
  52  4:11  SCV  
  53  4:17  SCV  
  53  4:23  SCV, Hellion x2  
  59  4:29  SCV  
  59  4:30  Banshee x2  
  59  4:35  SCV  
  59  4:36  Supply Depot  
  60  4:41  SCV  
  61  4:46  Refinery x2  
  61  4:47  SCV  
  61  4:49  Hyperflight Rotors  
  61  4:51  Supply Depot  
  62  4:58  SCV, Hellion x2  
  62  4:59  SCV  
  68  5:01  Supply Depot  
  68  5:10  SCV  
  68  5:11  SCV  
  68  5:14  Supply Depot  
  70  5:18  Banshee  
  70  5:20  Hellion x2  
  68  5:22  SCV  
  68  5:23  SCV  
  68  5:34  SCV  
  60  5:36  SCV  
  60  5:41  Hellion x2  
  62  5:44  Banshee  
  62  5:46  SCV  
  66  5:51  Supply Depot  
  66  5:58  Cloaking Field  
  66  6:00  SCV x2  
  66  6:01  Banshee  
  66  6:03  Command Center  
  71  6:05  Hellion  
  71  6:07  Hellion  
  75  6:12  SCV x2  
  75  6:15  Supply Depot, Barracks Tech Lab  
  77  6:22  Armory  
  77  6:23  Armory  
  77  6:24  SCV x2  
  79  6:30  Hellion  
  79  6:32  Banshee  
  84  6:36  SCV x2  
  86  6:43  Banshee  
  86  6:44  Hellion  
  91  6:48  SCV x2  
  91  6:54  Factory  
  93  6:58  Hellion  
  93  7:00  SCV  
  94  7:02  Factory  
  94  7:07  Refinery  
  94  7:12  Terran Vehicle Weapons Level 1  
  94  7:13  Terran Vehicle And Ship Armor Level 1, Refinery  
  94  7:14  SCV x2  
  96  7:15  Orbital Command  
  96  7:24  Hellion x2  
  96  7:27  SCV x2  
  99  7:30  Banshee  
  102  7:39  SCV x2  
  102  7:44  SCV  
  105  7:46  Hellion x2  
  105  7:51  SCV x2  
  108  7:57  Factory  
  109  7:58  Factory, SCV, Barracks Reactor  
  109  8:05  Factory Tech Lab  
  109  8:06  Supply Depot  
  109  8:07  Supply Depot  
  109  8:19  Infernal Pre-Igniter  
  109  8:23  Starport Reactor  
  109  8:24  Supply Depot  
  109  8:26  Supply Depot  
  109  8:28  SCV x3, Hellion x2, Starport Reactor  
  116  8:36  Hellion  
  116  8:37  Siege Tank  
  116  8:40  SCV x3  
  124  8:44  Supply Depot  
  128  8:51  Hellion  
  128  8:52  SCV x2  
  129  8:56  SCV  
  129  8:57  Hellion  
  128  9:07  Siege Tank  
  128  9:08  Supply Depot, SCV  
  128  9:09  Supply Depot, Siege Tank  
  135  9:10  SCV  
  135  9:11  Supply Depot  
  135  9:13  Hellion  
  135  9:14  SCV  
  135  9:15  Command Center  
  139  9:20  SCV  
  139  9:22  Hellion x3  
  140  9:28  Command Center  
  137  9:32  Viking x2  
  137  9:35  Viking  
  137  9:37  Hellion  
Show
View Real Time Build Order
Export as new Build Order

Elazer Zerg - Winner!

Build Orders: Hatch First 

Get SALT Encoding   

  12  0:00  Drone  
  13  0:12  Overlord  
  13  0:16  Drone  
  14  0:30  Drone x2  
  14  0:34  Drone  
  17  0:50  Hatchery  
  17  0:54  Drone  
  17  0:57  Drone  
  18  1:06  Drone  
  18  1:07  Extractor  
  18  1:15  Spawning Pool  
  18  1:18  Drone  
  18  1:27  Drone  
  19  1:38  Overlord  
  19  1:49  Drone  
  20  2:01  Queen x2  
  20  2:02  Zergling x4  
  26  2:08  Metabolic Boost  
  26  2:22  Hatchery  
  25  2:25  Drone  
  25  2:28  Drone  
  27  2:30  Drone  
  27  2:35  Drone  
  29  2:42  Queen  
  31  2:46  Drone  
  31  2:48  Drone  
  33  2:53  Overlord  
  33  2:55  Drone  
  34  2:59  Drone  
  34  3:04  Drone  
  36  3:12  Queen, Drone x2  
  40  3:17  Overlord  
  40  3:19  Drone  
  41  3:24  Drone x2  
  41  3:25  Drone  
  45  3:34  Drone  
  45  3:35  Drone  
  45  3:36  Drone  
  45  3:38  Queen  
  45  3:39  Drone  
  45  3:40  Drone  
  51  3:41  Drone  
  51  3:48  Queen  
  51  3:51  Drone x2  
  51  3:55  Zergling x4  
  57  4:00  Overlord  
  57  4:03  Evolution Chamber x2  
  57  4:06  Zergling x4  
  57  4:09  Spore Crawler  
  56  4:11  Spore Crawler  
  56  4:15  Zergling x4  
  57  4:19  Zergling x6  
  57  4:23  Overlord  
  53  4:27  Drone x2  
  53  4:29  Drone  
  57  4:35  Zerg Melee Weapons Level 1  
  57  4:36  Zerg Ground Armor Level 1  
  57  4:38  Drone x2  
  58  4:41  Drone  
  58  4:43  Drone  
  58  4:44  Drone  
  62  4:46  Drone  
  62  4:47  Drone  
  62  4:51  Drone x2  
  66  4:57  Drone x4  
  70  5:05  Spore Crawler  
  70  5:06  Overlord  
  69  5:11  Drone  
  70  5:16  Overlord  
  70  5:17  Drone  
  70  5:21  Drone x6  
  69  5:29  Drone x3  
  69  5:31  Drone x2  
  69  5:32  Drone  
  72  5:36  Lair  
  72  5:39  Overlord  
  72  5:41  Drone  
  71  5:48  Extractor x2, Hatchery  
  71  5:49  Extractor  
  67  5:51  Zergling x14  
  67  5:54  Pneumatized Carapace  
  74  5:59  Zergling x4  
  74  6:00  Zergling x2  
  74  6:02  Overlord  
  77  6:05  Extractor  
  77  6:06  Overlord  
  77  6:07  Extractor, Drone x4  
  79  6:12  Drone x5  
  79  6:14  Drone  
  79  6:17  Drone  
  87  6:18  Drone  
  87  6:26  Zergling x4  
  87  6:27  Baneling Nest  
  87  6:31  Overlord  
  88  6:43  Overlord  
  88  6:44  Drone  
  88  6:45  Zerg Ground Armor Level 2, Drone  
  88  6:46  Drone  
  88  6:47  Overlord, Drone x2  
  93  6:51  Overseer  
  93  6:52  Spore Crawler, Queen  
  93  6:53  Spore Crawler  
  92  6:56  Zerg Missile Weapons Level 1  
  92  7:00  Spore Crawler x2, Hydralisk Den  
  84  7:12  Overlord  
  84  7:15  Drone x3  
  87  7:17  Queen x2  
  90  7:24  Overlord  
  90  7:25  Drone x2  
  90  7:26  Drone  
  90  7:27  Drone x6  
  90  7:29  Drone x2  
  97  7:33  Overlord  
  97  7:36  Muscular Augments  
  97  7:39  Queen, Hydralisk  
  97  7:40  Hydralisk  
  97  7:43  Drone  
  99  7:50  Spore Crawler, Hydralisk x3  
  102  7:53  Hydralisk  
  104  8:00  Overseer  
  104  8:01  Hydralisk  
  104  8:02  Hydralisk x3  
  104  8:05  Zergling x2  
  113  8:06  Hydralisk x2  
  113  8:11  Hydralisk x2  
  113  8:12  Hydralisk  
  123  8:16  Hydralisk  
  123  8:17  Hydralisk  
  127  8:22  Drone x2  
  127  8:23  Hydralisk x2  
  133  8:30  Hydralisk x4  
  141  8:37  Zergling x14  
  147  8:48  Zergling x16  
  155  8:58  Zergling x14  
  162  9:08  Zergling x12  
  168  9:25  Overlord  
  168  9:30  Overlord x2  
  168  9:37  Baneling x8  
  168  9:38  Baneling x12  
  167  9:42  Baneling x4  
  162  9:47  Zergling x2  
  162  9:48  Zergling x22  
Tags
 
Add a new tag
Caveats
  • Supply blocks, unpowered buildings, or Contaminate may cause inaccurate times.
  • Supply counts are checked every 10 seconds.